 Dungeon Crawl Stone Soup version 0.28.0-53-g5a82cb258f (webtiles) character file.

Game seed: 15947804821022662073

283 issech the Chopper (level 6, -3/55 HPs)
             Began as a Minotaur Monk on June 5, 2022.
             Killed by divine providence
             ... invoked by an orc priest
              (11 damage)
             ... on level 4 of the Dungeon.
             The game lasted 00:06:45 (3546 turns).

issech the Chopper (Minotaur Monk)                  Turns: 3546, Time: 00:06:45

Health: -3/55      AC: 11    Str: 15    XL:     6   Next: 7%
Magic:  5/5        EV:  5    Int:  7    God:
Gold:   82         SH:  0    Dex: 15    Spells: 5/5 levels left

rFire   . . .      SeeInvis .   a - +0 hand axe
rCold   . . .      Faith    .   (no shield)
rNeg    . . .      Spirit   .   q - +0 plate armour
rPois   .          Reflect  .   (helmet restricted)
rElec   .          Harm     .   o - scarf {repulsion}
rCorr   .          Rampage  .   (no gloves)
Will    .....                   (no boots)
Stlth   ..........              (no amulet)
HPRegen 0.18/turn               s - ring of flight
MPRegen 0.09/turn               (no ring)

@: flying, repel missiles
A: horns 2, retaliatory headbutt
a: no special abilities


You were on level 4 of the Dungeon.
You visited 1 branch of the dungeon, and saw 4 of its levels.

You collected 82 gold pieces.

Inventory:

Hand Weapons
 a - a +0 hand axe (weapon)
Missiles
 i - 34 sling bullets
 j - 20 bolts
 l - 20 stones (quivered)
Armour
 b - a +0 robe
 n - a +0 leather armour
 o - a scarf of repulsion (worn)
 q - a +0 plate armour (worn)
Jewellery
 s - a ring of flight (left hand)
Scrolls
 d - a scroll of immolation {unknown}
 e - 5 scrolls of identify {unknown}
 m - 2 scrolls of teleportation {unknown}
 p - 3 scrolls of blinking {unknown}
 r - a scroll of summoning {unknown}
Potions
 c - 2 potions of invisibility {unknown}
 f - 2 potions of curing {unknown}
 g - a potion of ambrosia {unknown}
 h - 2 potions of heal wounds {unknown}
 k - a potion of mutation {unknown}
 t - a potion of magic {unknown}
 u - a potion of attraction {unknown}


   Skills:
 + Level 4.9 Fighting
 + Level 5.8 Axes
 + Level 2.2 Armour
 + Level 4.3 Dodging
 + Level 2.3 Stealth


You had 5 spell levels left.
You didn't know any spells.
Your spell library contained the following spells:

 Spells                   Type           Power      Damage    Failure   Level
 Slow                     Hex            0%         N/A       100%        1
 Confusing Touch          Hex            0%         N/A       100%        3
 Ignite Poison            Fire/Tmut/Pois 0%         N/A       100%        3
 Mephitic Cloud           Conj/Pois/Air  0%         N/A       100%        3
 Vampiric Draining        Necr           0%         2d6       100%        3
 Freezing Cloud           Conj/Ice/Air   0%         6-21      100%        5


Dungeon Overview and Level Annotations

Branches:
Dungeon (4/15)
 Temple: D:4-7

Altars:
Sif Muna


Innate Abilities, Weirdness & Mutations

You have a pair of horns on your head.
You reflexively headbutt those who attack you in melee.


Message History

You see here a +0 flail.
An orc comes into view. It is wielding a +0 dagger of venom.
The orc shouts!
You hear a shout!
An orc priest comes into view. It is wielding a +0 whip.
The orc priest shouts!
An orc priest comes into view. It is wielding a +0 short sword.
The orc hits you but does no damage.
The orc priest calls down the wrath of Beogh upon you.
Beogh smites you!
You hit the orc.
The orc is moderately wounded.
An orc comes into view. It is wielding a +0 whip.
The orc barely misses you. You furiously retaliate!
You headbutt the orc. You barely miss the orc.
The orc is almost dead.
The orc shouts!
The orc hits you with a +0 dagger of venom.
You are poisoned.
You hit the orc but do no damage.
The orc is almost dead.
You feel sick. The orc hits you but does no damage.
You closely miss the orc. You headbutt the orc.
You kill the orc!
You feel sick.
The orc priest mumbles some strange prayers to Beogh against you.
Pain shoots through your body!
The orc priest mumbles some strange prayers to Beogh against you.
Beogh smites you!
* * * LOW HITPOINT WARNING * * *
You feel sick.
The orc priest casts a cantrip, but nothing happens.
You feel sick.
You feel sick.
You feel sick.
You feel sick.
You are no longer poisoned.
The orc priest begins to cast a cantrip, but forgets the words!
The orc priest calls down the wrath of Beogh upon you.
Beogh smites you!
You die...

#.###.########
#.....o.o.o..#
##.)##o######.#
#.#...##o# #.#
#........# #o#
........#.##
#.#
#########.####
#.# #.......#
#o# #.⌠.@.⌠.#
#o# #.......#
#.# #.⌠...⌠.#
#)# #.......#
#.# #.⌠..†⌠.#
..# #...<...#
..# #########
.... .... ##.#.


You could see 2 orc priests and an orc.

Vanquished Creatures
  An iguana (D:4)
  Jessica (D:3)
  Natasha (thrice) (D:3)
  8 adders
  A worm (D:2)
  2 dart slugs
  3 orcs
  7 endoplasms
  5 hobgoblins
  2 jackals (D:2)
  11 kobolds
  3 quokkas
  4 ball pythons
  11 bats
  A frilled lizard (D:2)
  7 goblins
  8 rats
78 creatures vanquished.

Vanquished Creatures (others)
  A plant (D:3)
1 creature vanquished.

Grand Total: 79 creatures vanquished

Notes
Turn   | Place    | Note
-------+----------+-------------------------------------------
     0 | D:1      | issech the Minotaur Monk began the quest for the Orb.
     0 | D:1      | Reached XP level 1. HP: 19/19 MP: 0/0
   381 | D:1      | Reached XP level 2. HP: 18/27 MP: 1/1
   428 | D:1      | Reached skill level 4 in Axes
  1028 | D:1      | Found a shimmering blue altar of Sif Muna.
  1140 | D:2      | Reached XP level 3. HP: 33/33 MP: 2/2
  1579 | D:2      | Reached XP level 4. HP: 37/40 MP: 3/3
  2311 | D:3      | Noticed Jessica
  2316 | D:3      | Killed Jessica
  2317 | D:3      | Reached skill level 5 in Axes
  2317 | D:3      | Reached skill level 1 in Armour
  2317 | D:3      | Reached XP level 5. HP: 37/47 MP: 4/4
  2620 | D:3      | Noticed Natasha
  2625 | D:3      | Killed Natasha
  2736 | D:3      | Noticed Natasha
  2752 | D:3      | Killed Natasha
  2881 | D:3      | Noticed Natasha
  2897 | D:3      | Killed Natasha
  3059 | D:3      | Found a faded altar of an unknown god.
  3355 | D:4      | Reached XP level 6. HP: 31/55 MP: 5/5
  3546 | D:4      | Killed from afar by an orc priest

Illustrated notes

Levels and vault maps discovered:
D:1:      dpeg_arrival_water_altar, layout_basic
D:2:      layout_loops_cross, kennysheep_generic_room_5
D:3:      layout_basic, dreamdust_ecumenical_altar_grove, uniq_natasha,
          uniq_jessica
D:4:      cheibrodos_helix_gallery, layout_loops_corners,
          minmay_temple_entry_junction, grunt_ministairs_3,
          minmay_manual_monstrance

Skill      XL: |  1  2  3  4  5 |
---------------+----------------+-----
Axes           | 4 5 |  5.8
Fighting       | 4 |  4.9
Stealth        | 2 |  2.3
Dodging        | 4 |  4.3
Armour         | 1 2 |  2.2

Action                   |  1- 3 |  4- 6 || total
-------------------------+-------+-------++-------
Melee: Hand axe          |    74 |   120 ||   194
       Headbutt          |    15 |    16 ||    31
       Punch             |     1 |     1 ||     2
 Stab: Sleeping          |     2 |       ||     2
Armor: Robe              |    11 |       ||    11
       Leather armour    |     9 |       ||     9
       Plate armour      |       |    94 ||    94
Dodge: Dodged            |    64 |    40 ||   104
